 Dungeon Crawl Stone Soup version 0.19.0-11-g3fc08b3 (webtiles) character file.

7669 emikaela the Archer (level 10, 0/60 HPs)
             Began as a Deep Elf Hunter on Nov 9, 2016.
             Was an Elder of Hepliaklqana.
             Slain by a troll (12 damage)
             ... on level 10 of the Dungeon.
             The game lasted 00:38:02 (13404 turns).

emikaela the Archer (Deep Elf Hunter)              Turns: 13404, Time: 00:38:03

Health: 0/60       AC:  8    Str:  9    XL:     10   Next: 99%
Magic:  21/21      EV: 20    Int: 17    God:    Hepliaklqana [****..]
Gold:   256        SH:  0    Dex: 18    Spells: 0 memorised, 9 levels left

rFire  . . .     SeeInvis .     a - +2 shortbow
rCold  . . .     Gourm    .     I - +2 robe {Archmagi}
rNeg   . . .     Faith    .     (shield currently unavailable)
rPois  .         Spirit   .     B - +0 helmet
rElec  .         Reflect  .     (no cloak)
rCorr  .         Harm     .     (no gloves)
MR     +....                    E - +0 pair of boots
Stlth  ++........               (no amulet)
                                J - ring of magical power
                                H - ring of flight

@: no status effects
A: reduced essence, yellow scales 1
a: Recall Ancestor, Ancestor Identity, Transference, Idealise, Renounce
Religion, Evoke Flight


You were on level 10 of the Dungeon.
You worshipped Hepliaklqana.
Hepliaklqana was greatly pleased with you.
You were very hungry.

You visited 1 branch of the dungeon, and saw 10 of its levels.

You collected 572 gold pieces.
You spent 316 gold pieces at shops.

Inventory:

Hand Weapons
 a - a +2 shortbow (weapon)
 b - a +2 dagger of holy wrath
 A - a +0 blowgun
Missiles
 d - 3 arrows (quivered)
 e - 59 sling bullets
 g - 102 poisoned needles
 i - 281 stones
 k - 7 tomahawks
 G - a throwing net
 L - 43 bolts
Armour
 c - a +0 chain mail of fire resistance
 B - a +0 helmet (worn)
 E - a +0 pair of boots (worn)
 I - a +2 robe of the Archmagi (worn)
 R - the +2 buckler of Hocouzij {rN+ Int+4, unknown}
   (You found it on level 7 of the Dungeon)

   It affects your intelligence (+4).
   It protects you from negative energy.
Magical Staves
 F - an uncursed staff of poison {unknown}
Jewellery
 H - a ring of flight (left hand)
 J - a ring of magical power (right hand)
Wands
 u - a wand of flame (28/48)
 D - a wand of paralysis (11/24)
 O - a wand of iceblast (12/15)
 P - a wand of confusion (20/48)
 U - a wand of flame (24/48)
 Y - a wand of flame (21/48)
Scrolls
 h - a scroll of identify
 j - 2 scrolls of amnesia
 m - a scroll of magic mapping
 n - a scroll of immolation
 q - 3 scrolls of fear
 r - 2 scrolls of recharging
 t - 3 scrolls of remove curse
 x - 5 scrolls of enchant weapon
 N - 2 scrolls of blinking
 Q - a scroll of enchant armour {unknown}
 W - a scroll of summoning
 Z - a scroll of fog
Potions
 l - a potion of lignification
 o - 3 potions of degeneration {unknown}
 v - 2 potions of berserk rage
 w - 3 potions of heal wounds
 C - a potion of invisibility
 K - 2 potions of agility
 M - a potion of brilliance
 S - 4 potions of might
 X - a potion of ambrosia
Books
 y - a book of Cantrips
Comestibles
 f - 9 bread rations
 p - 11 beef jerkies
 s - 22 fruits
 z - 4 meat rations
 T - 2 slices of pizza
 V - a royal jelly


   Skills:
 + Level 9.7 Fighting
 + Level 11.3 Bows
 - Level 10.0 Dodging
 - Level 1.2 Stealth


You had 9 spell levels left.
You didn't know any spells.

Dungeon Overview and Level Annotations

Branches:
Dungeon (10/15)            Temple (0/1) D:7            Lair (0/6) D:8
    Orc: D:9-12

Altars:
Ashenzari
Elyvilon
Fedhas
Gozag
Hepliaklqana
Okawaru
Qazlal
Ru
Vehumet

Shops:
D:7 *(   D:9 ?

Annotations:
D:2 1 runed door, Sigmund
D:7 exclusion: downstairs, Joseph


Innate Abilities, Weirdness & Mutations

Your life essence is reduced. (-10% HP)
You are partially covered in yellow scales. (AC +2)


Message History

Press: ? - help, Shift-Dir - straight line, f/p - troll
Aim: a troll (heavily wounded, lightly drained)
You shoot an arrow.
The arrow hits the troll but does no damage.
The troll is heavily wounded.
The troll bites you but does no damage. The troll claws you but does no damage.
The troll barely misses you.
Firing (i - inventory. (,) - cycle):
d - 5 arrows (quivered)
Press: ? - help, Shift-Dir - straight line, f/p - troll
Aim: a troll (heavily wounded, lightly drained)
You shoot an arrow. The arrow hits the troll!
The troll is almost dead.
Firing (i - inventory. (,) - cycle):
d - 4 arrows (quivered)
Press: ? - help, Shift-Dir - straight line, f/p - troll
Aim: a troll (almost dead, lightly drained)
You shoot an arrow.
The arrow hits the troll but does no damage.
The troll is almost dead.
The troll bites you!
You die...

### ..# # #.# # #.# #
#.# #
#.################# #
#..........(..%.... #
###.########R#T......
####............@.......
...#.#.#.######.#.).....
#..... .....#.#.#
#.#....... #.....
.....#.#.#### #.#.......
#..... .....#.#....#
#.#....... #.....
####.#.#.##.# #.#.......
#.....
.....#...##.###.###+####
#.....
###...##>...........##
#.....
..#......######.##...#
#.


You could see the friendly Nenetl the hexer and a troll.

Vanquished Creatures
  Pikel (D:7)
  2 trolls
  Prince Ribbit (D:8)
  2 hippogriffs
  A yak (D:9)
  A hungry ghost (D:9)
  A water moccasin (D:6)
  A slave (D:7)
  3 black bears
  An ice beast (D:10)
  6 ogres
  2 sky beasts
  A necrophage (D:9)
  2 phantoms
  2 centaurs
  A crocodile (D:9)
  2 bullfrogs
  A wyvern zombie (D:8)
  6 scorpions
  5 killer bees (D:9)
  4 wights (D:7)
  3 howler monkeys
  A crimson imp (D:9)
  2 bullfrog zombies
  2 centaur zombies (D:6)
  A hound (D:5)
  2 jellies
  2 bullfrog skeletons
  3 orc priests
  12 orc wizards
  Jessica (D:2)
  Natasha (thrice) (D:2)
  8 worker ants
  A hound zombie (D:8)
  2 hound skeletons
  Robin (D:2)
  3 worker ant zombies
  7 gnolls
  16 adders
  2 shadow imps
  An ooze (D:1)
  An adder skeleton (D:4)
  An adder zombie (D:6)
  4 worms
  A dart slug (D:2)
  A leopard gecko (D:1)
  18 orcs
  3 ball pythons
  4 giant cockroaches
  11 hobgoblins
  7 quokkas
  7 bats
  6 frilled lizards
  6 goblins
  A jackal zombie (D:5)
  12 kobolds
  A leopard gecko skeleton (D:4)
  2 leopard gecko zombies (D:5)
  2 quokka skeletons (D:8)
  5 rats
212 creatures vanquished.

Vanquished Creatures (collateral kills)
  A two-headed ogre (D:8)
  A hornet (D:9)
  A hippogriff (D:8)
  2 yaks (D:9)
  2 slaves (D:7)
  2 ogres
  2 centaurs
  A big kobold (D:10)
  3 bullfrogs
  7 killer bees (D:9)
  A centaur zombie (D:6)
  A hound (D:10)
  2 bullfrog skeletons (D:6)
  3 orc wizards
  A worker ant (D:9)
  A worker ant zombie (D:9)
  An adder (D:10)
  An adder skeleton (D:6)
  An adder zombie (D:6)
  A worm (D:6)
  3 orcs (D:5)
  A ball python (D:2)
  2 kobolds
  A frilled lizard (D:5)
42 creatures vanquished.

Vanquished Creatures (others)
  4 hexers
  An ancestor (D:7)
  A dart slug (D:2)
  A quokka (D:2)
  A rat (D:2)
8 creatures vanquished.

Grand Total: 262 creatures vanquished

Notes
Turn   | Place    | Note
-------+----------+-------------------------------------------
     0 | D:1      | emikaela the Deep Elf Hunter began the quest for the Orb.
     0 | D:1      | Reached XP level 1. HP: 12/12 MP: 3/3
   187 | D:1      | Reached XP level 2. HP: 12/17 MP: 4/4
   748 | D:2      | Noticed Natasha
   842 | D:2      | Found a white marble altar of Elyvilon.
   849 | D:2      | Reached XP level 3. HP: 22/22 MP: 5/5
  1254 | D:2      | Found a runed door.
  1284 | D:2      | Killed Natasha
  1284 | D:2      | Reached XP level 4. HP: 28/28 MP: 6/6
  1313 | D:2      | Noticed Natasha
  1320 | D:2      | Killed Natasha
  1320 | D:2      | Reached skill level 5 in Bows
  1480 | D:2      | Noticed Natasha
  1486 | D:2      | Killed Natasha
  1701 | D:2      | Reached XP level 5. HP: 32/32 MP: 7/7
  2003 | D:2      | Noticed Sigmund
  2482 | D:3      | Found a sacrificial altar of Ru.
  3100 | D:2      | Noticed Jessica
  3137 | D:4      | You fall through a shaft for 2 floors!
  3137 | D:6      | Found a shattered altar of Ashenzari.
  3185 | D:6      | Noticed a water moccasin
  3206 | D:6      | Gained mutation: You are partially covered in yellow scales. (AC +2) [potion of beneficial mutation]
  3225 | D:6      | Killed a water moccasin
  3225 | D:6      | Reached XP level 6. HP: 34/38 MP: 8/8
  3282 | D:6      | Noticed a sky beast
  3393 | D:6      | Reached skill level 6 in Bows
  3519 | D:5      | Entered Level 5 of the Dungeon
  3535 | D:5      | Found an opulent altar of Gozag.
  3556 | D:5      | Noticed a sky beast
  3585 | D:5      | Reached skill level 5 in Dodging
  3872 | D:4      | Reached XP level 7. HP: 44/44 MP: 9/9
  4186 | D:4      | Found a faded altar of an unknown god.
  4186 | D:4      | Found a faded altar of an unknown god.
  4191 | D:4      | Found a hazy altar of Hepliaklqana.
  4193 | D:4      | Found a faded altar of an unknown god.
  4194 | D:4      | Found a faded altar of an unknown god.
  4348 | D:4      | Became a worshipper of Hepliaklqana the Forgotten
  4507 | D:2      | Killed Jessica
  4720 | D:2      | Noticed Robin
  4725 | D:2      | Killed Robin
  5101 | D:5      | Reached skill level 5 in Fighting
  5573 | D:5      | Reached skill level 7 in Bows
  5658 | D:5      | Reached XP level 8. HP: 44/44 MP: 10/10
  6504 | D:6      | Reached skill level 8 in Bows
  6508 | D:6      | Found an iron altar of Okawaru.
  6992 | D:7      | Noticed a hippogriff
  7008 | D:7      | Killed a hippogriff
  7095 | D:7      | Reached XP level 9. HP: 49/49 MP: 11/11
  7172 | D:7      | Found Oneirghe's Weapon Emporium.
  7235 | D:7      | Got a dazzling buckler
  7247 | D:7      | Found Xoutar's Assorted Antiques.
  7399 | D:7      | Reached * piety under Hepliaklqana
  7422 | D:7      | Bought a scroll labeled KIJADE HUSUE for 32 gold pieces
  7422 | D:7      | Bought a coppery potion for 28 gold pieces
  7422 | D:7      | Bought a cyan potion for 28 gold pieces
  7422 | D:7      | Bought a coppery potion for 28 gold pieces
  7422 | D:7      | Bought a fuming dark potion for 28 gold pieces
  8074 | D:7      | Reached skill level 9 in Bows
  8295 | D:7      | Found a stormy altar of Qazlal.
  8295 | D:7      | Noticed Joseph
  8457 | D:7      | Found a staircase to the Ecumenical Temple.
  8823 | D:7      | Noticed Pikel
  8835 | D:7      | Killed Pikel
  8921 | D:8      | Found a staircase to the Lair.
  8990 | D:8      | Reached ** piety under Hepliaklqana
  8991 | D:8      | Remembered your ancestor Nenetl as a hexer
  9200 | D:8      | Noticed Prince Ribbit
  9209 | D:8      | Killed Prince Ribbit
  9403 | D:8      | Reached skill level 10 in Bows
  9537 | D:8      | Reached XP level 10. HP: 56/56 MP: 12/12
 10203 | D:8      | Reached skill level 10 in Dodging
 10372 | D:8      | Reached *** piety under Hepliaklqana
 10682 | D:9      | Found a blossoming altar of Fedhas.
 11332 | D:9      | Reached skill level 11 in Bows
 11665 | D:9      | Found a radiant altar of Vehumet.
 11755 | D:9      | Found Ynaet's Magic Scroll Emporium.
 12090 | D:9      | Bought a scroll of summoning for 142 gold pieces
 12090 | D:9      | Bought a scroll of fog for 30 gold pieces
 12485 | D:10     | Entered Level 10 of the Dungeon
 12988 | D:10     | Reached **** piety under Hepliaklqana
 13404 | D:10     | Slain by a troll

Skill      XL: |  1  2  3  4  5  6  7  8  9 10 |
---------------+-------------------------------+-----
Fighting       | 2 3 4 5 6 7 9 |  9.7
Bows           | 5 6 7 8 10 11 | 11.3
Dodging        | 3 4 5 6 7 9 10 | 10.0
Stealth        | |  1.2

Action                   |  1- 3 |  4- 6 |  7- 9 | 10-12 || total
-------------------------+-------+-------+-------+-------++-------
Melee: Dagger            |     9 |       |    11 |   103 ||   123
 Fire: Shortbow          |    88 |   147 |   504 |   290 ||  1029
Invok: Ancestor Life: He |       |       |     1 |       ||     1
       Recall Ancestor   |       |       |       |     1 ||     1
Evoke: Wand              |       |       |     1 |       ||     1
  Use: Potion            |       |     5 |       |     2 ||     7
       Scroll            |       |     1 |    18 |     3 ||    22
 Stab: Distracted        |       |       |       |     1 ||     1
       Sleeping          |       |       |       |     1 ||     1
  Eat: Chunk             |     1 |     7 |    18 |    10 ||    36
Armor: Leather armour    |     6 |    16 |     4 |       ||    26
       Robe              |       |       |    28 |    46 ||    74
Dodge: Dodged            |    20 |    56 |   152 |   265 ||   493
